 Dungeon Crawl Stone Soup version 0.25-a0-292-gaa31f046c4 (webtiles) character file.

Game seed: 10408968529419638056, levelgen mode: deterministic

33 Lanoc the Vexing (level 3, -1/27 HPs)
             Began as a Merfolk Arcane Marksman on Dec 15, 2019.
             Slain by Natasha (7 damage)
             ... on level 2 of the Dungeon.
             The game lasted 00:03:05 (659 turns).

Lanoc the Vexing (Merfolk Arcane Marksman)           Turns: 659, Time: 00:03:06

Health: -1/27      AC:  2    Str: 10    XL:     3   Next: 29%
Magic:  5/5        EV: 19    Int: 12    God:
Gold:   67         SH:  0    Dex: 20    Spells: 3/4 levels left

rFire    . . .     SeeInvis .   (no weapon)
rCold    . . .     Gourm    .   (no shield)
rNeg     . . .     Faith    .   a - +0 robe
rPois    .         Spirit   .   (no helmet)
rElec    .         Reflect  .   (no cloak)
rCorr    .         Harm     .   (no gloves)
MR       .....                  (no boots)
Stlth    +++.......             (no amulet)
HPRegen  0.09/turn              (no ring)
MPRegen  0.09/turn              (no ring)

@: agile, about to teleport, hasted and slowed
A: change form in water, swift swim, stealthy swim
a: no special abilities


You were on level 2 of the Dungeon.
You were not hungry.

You visited 1 branch of the dungeon, and saw 2 of its levels.

You collected 67 gold pieces.

Inventory:

Armour
 a - a +0 robe (worn)
Scrolls
 b - 2 scrolls of teleportation
 g - 2 scrolls of identify
 l - a scroll of enchant armour
Comestibles
 f - 3 rations


   Skills:
 + Level 1.7 Fighting
 * Level 2.4 Throwing
 + Level 3.1 Dodging
 + Level 1.4 Spellcasting
 + Level 3.2 Hexes


You had 3 spell levels left.
You knew the following spells:

 Your Spells              Type           Power        Failure   Level  Hunger
a - Corona                Hex            #......      8%          1    ##.....

Your spell library contained the following spells:

 Spells                   Type           Power        Failure   Level  Hunger
 Slow                     Hex            #.......     12%         2    ###....
 Inner Flame              Hex/Fire       #.......     41%         3    ####...
 Portal Projectile        Hex/Tloc       #.....       41%         3    ####...
 Cause Fear               Hex            #.........   58%         4    #####..
 Leda's Liquefaction      Hex/Erth       #.........   82%         4    #####..


Dungeon Overview and Level Annotations

Branches:
Dungeon (2/15)

Altars:

Annotations:
D:2 Natasha, Robin


Message History

It is a scroll of identify.
l - a scroll of enchant armour The goblin completely misses you. x2
Robin laughs in a distinctly smug fashion.
Natasha closely misses you.
As you read the scroll labeled MOUBEOL OZEXEO, it crumbles to dust.
You hear a loud clanging noise!
It was a scroll of noise.
You hear a shout! x3
The goblin misses you. The goblin closely misses you.
Natasha closely misses you.
As you read the scroll labeled KUWYNO HAETHRULISUH, it crumbles to dust.
You feel strangely unstable.
It was a scroll of teleportation.
The goblin completely misses you. The goblin barely misses you.
Natasha closely misses you.
You hit Natasha.
Natasha is lightly wounded.
The goblin closely misses you. The goblin completely misses you.
Natasha claws you!
You die... gg....... (. .... gg.....

... .... #....# ...#
...#### #..... .....
.....# ##...#. .....##
###...####....#. .......
................
......h#####..(.........
#g@ggggg.(.........
#######g...........
##....#..........
#####.....#..........
#....................
#....................
#<..†................
#.########...........
#.# #.>.........


You could see Robin, Natasha, a hobgoblin and 5 goblins.

Vanquished Creatures
  An adder (D:2)
  6 bats
  2 giant cockroaches
  7 goblins
  A kobold (D:1)
  4 frilled lizards (D:1)
  7 rats
28 creatures vanquished.

Notes
Turn   | Place    | Note
-------+----------+-------------------------------------------
     0 | D:1      | Lanoc the Merfolk Arcane Marksman began the quest for the
                  | Orb.
     0 | D:1      | Reached XP level 1. HP: 15/15 MP: 2/2
   157 | D:1      | Reached XP level 2. HP: 21/21 MP: 3/3
   607 | D:2      | Reached XP level 3. HP: 17/27 MP: 3/5
   630 | D:2      | Noticed Robin
   643 | D:2      | Noticed Natasha
   659 | D:2      | Slain by Natasha

Levels and vault maps discovered:
D:1:      saegor_arrival_simple_b, layout_loops_ring
D:2:      layout_rooms, hangedman_ru_absence, first_ration, uniq_robin,
          uniq_natasha

Skill      XL: |  1  2 |
---------------+-------+-----
Dodging        | 3 |  3.1
Fighting       | |  1.7
Throwing       | |  2.4
Spellcasting   | |  1.4
Hexes          | |  3.2

Action                   || total
-------------------------++-------
Melee: Unarmed           ||    27
Throw: Javelin           ||    42
       Throwing net      ||     2
  Use: Potion            ||     5
       Scroll            ||     3
Armor: Robe              ||    12
Dodge: Dodged            ||    70

Table legend:
 A = Non-vault XP
 B = Vault XP
 C = Vault XP percentage of total XP
 D = Non-vault monster count
 E = Vault monster count
 F = Vault count percentage of total count
                 A         B        C        D         E       F
            +---------+---------+-------+---------+---------+-------
      Total |      43 |       5 |  10.4 |      25 |       3 |  10.7
            +---------+---------+-------+---------+---------+-------
        D:1 |      26 |       0 |   0.0 |      21 |       0 |   0.0
        D:2 |      17 |       5 |  22.7 |       4 |       3 |  42.9
            +---------+---------+-------+---------+---------+-------
